AoeStats
← LuQuuin3095

African Clearing

518934246Analyzed
2v2 RM · 11d ago on Nov 5, 2026· 52m 57s· 4 players
Game mode
Random Map
Map size
Medium (4 player)
Population
200
Speed
Normal
Resources
Standard
Victory
Conquest
Starting age
Dark Age
Ending age
Imperial Age
RankedLock teamsTeams togetherTeam positionsShared explorationLock speedFull tech treeHidden civsTurbo modeCheats
Victory
Defeat
🇬🇷 Turks · Greece
923
+14
🇦🇷 Chinese · Argentina
846
+17
vs
🇺🇾 Khmer · Uruguay
899
-45
🇺🇾 Franks · Uruguay
851
-41
LuQuuin3095
6:43 Loom
14:45 Feudal Age
16:23 Wheelbarrow
15:49 Double-Bit Axe
18:52 Gold Mining
21:24 Stone Mining
21:54 Scale Barding Armor
22:06 Forging
24:14 Castle Age
26:48 Husbandry
28:51 Hand Cart
31:12 Gold Shaft Mining
30:52 Bow Saw
37:03 Chain Barding Armor
37:20 Iron Casting
41:41 Town Watch
45:32 Imperial Age
44:23 Treadmill Crane
44:56 Masonry
44:51 Murder Holes
46:28 Caravan
45:59 Cavalier
47:20 Plate Barding Armor
47:47 Blast Furnace
47:42 Architecture
47:42 Paladin
48:30 Town Patrol
50:07 Chivalry
50:32 Conscription
PIKLOTS
9:18 Loom
14:01 Feudal Age
15:41 Wheelbarrow
14:48 Horse Collar
16:09 Double-Bit Axe
18:36 Stone Mining
22:43 Castle Age
20:45 Gold Mining
22:24 Bloodlines
26:17 Bow Saw
26:53 Stone Shaft Mining
26:54 Gold Shaft Mining
38:06 Husbandry
43:29 Hand Cart
43:23 Heavy Plow
45:36 Town Watch
46:39 Scale Barding Armor
46:48 Forging
eplastiras
5:54 Loom
13:47 Feudal Age
15:04 Gold Mining
16:05 Double-Bit Axe
20:57 Castle Age
20:32 Bloodlines
20:24 Stone Mining
21:33 Horse Collar
24:49 Wheelbarrow
27:00 Scale Barding Armor
28:05 Hand Cart
28:38 Husbandry
29:06 Chain Barding Armor
33:53 Imperial Age
35:39 Conscription
37:59 Gold Shaft Mining
38:19 Town Watch
40:38 Elite Janissary
42:47 Town Patrol
43:05 Heavy Plow
44:23 Ballistics
44:32 Padded Archer Armor
44:23 Fletching
44:47 Heavy Camel Rider
46:51 Bodkin Arrow
52:22 Artillery
Verstappen
3:31 Loom
16:34 Feudal Age
17:47 Double-Bit Axe
22:43 Castle Age
20:46 Horse Collar
21:32 Fletching
21:56 Padded Archer Armor
23:42 Thumb Ring
22:57 Crossbowman
25:00 Bow Saw
26:17 Ballistics
26:00 Bodkin Arrow
29:49 Scale Mail Armor
30:04 Leather Archer Armor
31:13 Heavy Plow
42:28 Imperial Age
41:04 Wheelbarrow
42:53 Arbalester
45:01 Chemistry
44:59 Conscription
45:06 Town Watch
45:38 Hand Cart
46:52 Gold Mining
47:26 Murder Holes
48:04 Ring Archer Armor
47:34 Bracer
48:34 Elite Chu Ko Nu
51:29 Town Patrol
53:23 Two-Man Saw
Connection lost

Rejoining the realm…

Still unreachable

The connection could not be restored.

Session expired

The server has moved on; the page needs a fresh start.